 Dungeon Crawl Stone Soup version 0.31-a0-263-ge8cad7f256 (webtiles) character file.

Game seed: 4053810031805100927

137 porpoise the Shooter (level 5, -3/33 HPs)
             Began as a Kobold Hunter on July 14, 2023.
             Frozen to death by an endoplasm (5 damage)
             ... in a sewer.
             The game lasted 00:04:51 (2121 turns).

porpoise the Shooter (Kobold Hunter)                Turns: 2121, Time: 00:04:53

Health: -3/33      AC:  4    Str:  8 (9)  XL:     5   Next: 44%
Magic:  5/5        EV: 14    Int:  7 (10) God:
Gold:   89         SH:  5    Dex: 19 (20) Spells: 4/4 levels left

rFire   . . .        a - +0 shortbow
rCold   . . .        (shield currently unavailable)
rNeg    . . .        c - +0 leather armour
rPois   .            (no helmet)
rElec   .            (no cloak)
rCorr   .            (no gloves)
SInv    .            e - +0 pair of boots
Will    +....        j - amulet of reflection
Stlth   +++          (no ring)
HPRegen 0.25/turn    (no ring)
MPRegen 0.09/turn

%: reflection
@: enlightened, flying, hasted, very quick
A: small, no large weapons, nightstalker 3
a: no special abilities


You were in a sewer.
You visited 1 branch of the dungeon, and saw 3 of its levels.
You also visited: Sewer.

You collected 89 gold pieces.

Inventory:

Hand Weapons
 a - a +0 shortbow (weapon)
Missiles
 i - 10 poisoned darts
 n - a throwing net
Armour
 c - a +0 leather armour (worn)
 e - a +0 pair of boots (worn)
Jewellery
 j - an amulet of reflection (around neck)
Scrolls
 b - a scroll of butterflies
 h - 2 scrolls of teleportation
Potions
 g - a potion of mutation
 k - 3 potions of might
 m - a potion of curing


   Skills:
 + Level 3.7 Fighting
 * Level 7.5 Ranged Weapons
 - Level 2.4 Dodging
 - Level 1.3 Stealth


You had 4 spell levels left.
You didn't know any spells.
Your spell library was empty.

Dungeon Overview and Level Annotations

Branches:
Dungeon (3/15)              Sewer (1/1)

Altars:


Innate Abilities, Weirdness & Mutations

You are small and have problems with some larger weapons.
You are completely attuned to the shadows.


Message History

You are frozen.
* * * LOW HITPOINT WARNING * * *
The rat barely misses you.
You shoot an arrow.
The arrow hits the river rat but does no damage.
The river rat is severely wounded.
The rat closely misses you. The frilled lizard closely misses you.
The river rat barely misses you. You block the rat's attack.
The endoplasm freezes you.
You are frozen.
* * * LOW HITPOINT WARNING * * *
It was a potion of enlightenment.
You feel very buoyant.
You fly up into the air.
The rat splashes around in the water.
The frilled lizard misses you. You block the river rat's attack.
The rat bites you but does no damage.
The endoplasm hits you but does no damage.
It was a potion of haste.
You feel yourself speed up. You block the rat's attack.
You block the frilled lizard's attack. The river rat misses you.
The rat barely misses you. The endoplasm misses you.
It was a potion of degeneration.
There was something very wrong with that liquid.
You feel weakened.
You feel dopey.
You feel clumsy. The rat bites you but does no damage.
You are too injured to fight recklessly!
You are too injured to fight recklessly!
You are too injured to fight recklessly!
You shoot an arrow.
The arrow hits the river rat but does no damage.
The river rat is severely wounded.
The endoplasm closely misses you. The frilled lizard misses you.
The rat closely misses you. The river rat closely misses you.
You shoot an arrow.
The arrow hits the river rat but does no damage.
The river rat is severely wounded.
The rat closely misses you. The frilled lizard closely misses you.
The river rat completely misses you. The endoplasm freezes you.
You are frozen.
You die...

#≈≈~≈≈≈#
#≈≈≈~~≈#
#≈~≈~~≈#
#≈≈~#~≈#
#≈≈≈~~≈#
#≈≈~~≈~#
#≈≈~~≈≈#
#≈≈~~≈≈#
#≈~≈~≈≈#
#≈~~≈≈≈#
#≈~~~≈≈#
#≈~~≈≈≈#
#≈~~≈≈≈#
#≈≈~~≈≈#
#.~~...#
##~~r~##
#......#
#..@J..#
#..∩∩..#
##lrr...
#......#
#......
##....##
##.....
######
##....


You could see a river rat, an endoplasm, a frilled lizard and 2 rats.

Vanquished Creatures
  4 gnolls (D:2)
  3 adders
  3 river rats (Sewer)
  2 dart slugs
  4 ball pythons
  A bat (D:2)
  4 endoplasms
  4 giant cockroaches
  2 hobgoblins
  2 quokkas
  A frilled lizard (D:1)
  3 goblins
  5 kobolds
  12 rats
50 creatures vanquished.

Notes
Turn   | Place    | Note
-------+----------+-------------------------------------------
     0 | D:1      | porpoise the Kobold Hunter began the quest for the Orb.
     0 | D:1      | Reached XP level 1. HP: 12/12 MP: 1/1
   148 | D:1      | Reached XP level 2. HP: 18/18 MP: 2/2
   463 | D:1      | Reached skill level 6 in Ranged Weapons
   799 | D:2      | Reached XP level 3. HP: 22/22 MP: 3/3
  1367 | D:2      | Reached XP level 4. HP: 28/28 MP: 4/4
  1383 | D:2      | Reached skill level 7 in Ranged Weapons
  1937 | D:3      | Found a glowing drain.
  1951 | Sewer    | Entered a sewer
  2015 | Sewer    | Reached XP level 5. HP: 24/32 MP: 5/5
  2116 | Sewer    | HP: 1/33 [frozen (2)]
  2121 | Sewer    | Frozen to death by an endoplasm

Illustrated notes

Levels and vault maps discovered:
D:1:      reono_arrival_forest_river, layout_loops_ring
D:2:      layout_basic, amcnicky_mini_rare_corridor_liquid
D:3:      layout_basic, cheibrodos_sewer_entry_drain,
          dilly_ecumenical_altar_fadedgnrine, uniq_sigmund
Sewer:    sewer_minmay_w

Skill      XL: |  1  2  3  4 |
---------------+-------------+-----
Ranged Weapons | 6 7 |  7.5
Fighting       | 3 |  3.7
Dodging        | |  2.4
Stealth        | |  1.3

Action                     |  1- 3 |  4- 6 || total
---------------------------+-------+-------++-------
   Fire: Shortbow          |    65 |    76 ||   141
    Use: Scroll            |       |     3 ||     3
         Potion            |       |     5 ||     5
 Armour: Leather armour    |     7 |    15 ||    22
  Dodge: Dodged            |    17 |    41 ||    58
  Block: Other             |     1 |    22 ||    23

Table legend: (Time is in decaauts)
 A = Elapsed time spent in this place.
 B = Non-inter-level travel time spent in this place.
 C = Inter-level travel time spent in this place.
 D = Time resting spent in this place.
 E = Time spent auto-exploring this place.
 F = Levels seen in this place.
 G = Mean time per level.
                   A        B        C        D        E       F      G
               +--------+--------+--------+--------+--------+-----+--------+
         Total |   2186 |   2144 |     42 |    235 |   1516 |   4 |  546.5 |
       Dungeon |   1975 |   1933 |     42 |    205 |   1459 |   3 |  658.3 |
         Sewer |    211 |    211 |      0 |     30 |     57 |   1 |  211.0 |
               +--------+--------+--------+--------+--------+-----+--------+

Top non-repeatable levels by time:
     D:2: 1056 daAuts
     D:1: 801 daAuts
   Sewer: 211 daAuts
     D:3: 116 daAuts
